 Dungeon Sprint DCSS version 0.30-a0-691-g754fce4c43 (webtiles) character file.

Game seed: 6285713086711853605

590 BigDaddyOpFi the Fighter (level 7, -1/72 HPs)
             Began as a Hill Orc Berserker on Jan 19, 2023.
             Was a Believer of Trog.
             Slain by Sonja
             ... wielding a +0 short sword of distortion
              (4 damage)
             ... in the Dungeon (Sprint I: "Red Sonja").
             The game lasted 00:01:04 (1047 turns).

BigDaddyOpFi the Fighter (Hill Orc Berserker)       Turns: 1047, Time: 00:01:05

Health: -1/72      AC:  2    Str: 22    XL:     7   Next: 39%
Magic:  7/7        EV: 14    Int:  7    God:    Trog [**....]
Gold:   312        SH:  0    Dex: 10    Spells: 6/6 levels left

rFire   . . .      SeeInvis .    j - +2 scythe (freeze)
rCold   . . .      Faith    .    (shield currently unavailable)
rNeg    . . .      Spirit   .    b - +0 animal skin
rPois   .          Reflect  .    (no helmet)
rElec   .          Harm     .    (no cloak)
rCorr   .          Rampage  .    (no gloves)
Will    .....      NoTele   +    (no boots)
Stlth   +                        (no amulet)
HPRegen 0.32/turn                (no ring)
MPRegen 0.10/turn                (no ring)

@: on berserk cooldown, slowed, very slow
A: no striking features
a: Renounce Religion, Berserk, Trog's Hand


You were in the Dungeon.
You worshipped Trog.
Trog was pleased with you.
You visited 1 branch You collected 312 gold pieces.

Inventory:

Hand Weapons
 a - a +0 hand axe
 j - a +2 scythe of freezing (weapon)
Armour
 b - a +0 animal skin (worn)
Wands
 i - a wand of acid (8)
Scrolls
 h - a scroll of blinking
Potions
 c - 2 potions of curing
 d - a potion of heal wounds
 e - a potion of haste
 f - 2 potions of magic
 g - a potion of berserk rage


   Skills:
 + Level 10.0 Fighting
 - Level 9.0(9.8) Axes
 + Level 4.9(6.9) Polearms
 + Level 8.8 Armour
 + Level 6.7 Dodging


You had 6 spell levels left.
You didn't know any spells.
Your spell library was empty.

Dungeon Overview and Level Annotations

Branches:
Dungeon (1/1)

Altars:
Cheibriados
Dithmenos
Elyvilon
Fedhas
Gozag
Hepliaklqana
Kikubaaqudgha
Makhleb
Okawaru
Qazlal
Ru
Sif Muna
Trog
Uskayaw
Vehumet
Wu Jian
Xom
Yredelemnul
Zin
The Shining One
Jiyva
Lugonu

Shops:
D :

Annotations:
D Sonja


Message History

Sonja blinks!
You feel a strong urge to attack something.
Sonja casts a spell.
Sonja blinks!
There is an ornate altar of the Wu Jian Council here.
Sonja mumbles some strange words.
Sonja blinks!
You closely miss Sonja.
Sonja is moderately wounded.
Sonja misses you.
Sonja hits you with a +0 short sword of distortion.
Space warps around you. Sonja barely misses you.
You closely miss Sonja.
Sonja is moderately wounded.
You are no longer berserk.
You are exhausted.
You feel yourself slow down.
Sonja hits you with a +0 short sword of distortion!
Sonja closely misses you. Sonja hits you but does no damage.
You closely miss Sonja.
Sonja is moderately wounded.
Sonja hits you with a +0 short sword of distortion. x3
Space warps horribly around you! Sonja barely misses you.
Sonja hits you with a +0 short sword of distortion. x2
* * * LOW HITPOINT WARNING * * *
You barely miss Sonja.
Sonja is moderately wounded.
Sonja barely misses you.
Sonja hits you with a +0 short sword of distortion.
* * * LOW HITPOINT WARNING * * *
Sonja barely misses you.
Sonja hits you with a +0 short sword of distortion.
* * * LOW HITPOINT WARNING * * *
Space warps around you.
* * * LOW HITPOINT WARNING * * *
Sonja hits you with a +0 short sword of distortion!
* * * LOW HITPOINT WARNING * * *
Sonja completely misses you. Sonja barely misses you.
Sonja hits you with a +0 short sword of distortion.
You die...

###################
#<.#..)..#..'..#__#
#..').#..'[.#..'..+
#..#####'#####'#__#
#..# #..#...#K####)§#
#..#__####..##@#§§~.c#
#..#_____##'#_.+§~~..+
#⌠⌠#_.∩...†..._#§~§§c#
####_..__##_.#'# +##
#____ ##'#.# ####
#.### $.$ $.$ ##.##


You could see Sonja.

Vanquished Creatures
  A slime creature (D)
  Sigmund (D)
  A yak (D)
  An ogre (D)
  A jelly (D)
  Ijyb (D)
6 creatures vanquished.

Notes
Turn   | Place    | Note
-------+----------+-------------------------------------------
     0 | D        | BigDaddyOpFi the Hill Orc Berserker began the quest for the
                  | Orb.
     0 | D        | Reached XP level 1. HP: 19/19 MP: 1/1
     2 | D        | Noticed Ijyb
    13 | D        | Killed Ijyb
    14 | D        | Reached skill level 5 in Fighting
    14 | D        | Reached skill level 5 in Axes
    14 | D        | Reached XP level 2. HP: 24/29 MP: 2/2
    14 | D        | Reached XP level 3. HP: 30/36 MP: 3/3
   163 | D        | Noticed an ogre
   166 | D        | Killed an ogre
   167 | D        | Reached skill level 6 in Fighting
   167 | D        | Reached skill level 5 in Armour
   167 | D        | Reached XP level 4. HP: 45/45 MP: 4/4
   284 | D        | Noticed Sigmund
   289 | D        | Killed Sigmund
   289 | D        | Reached ** piety under Trog
   290 | D        | Reached skill level 8 in Fighting
   290 | D        | Reached skill level 5 in Dodging
   290 | D        | Reached XP level 5. HP: 53/53 MP: 5/5
   290 | D        | Reached XP level 6. HP: 61/61 MP: 6/6
   605 | D        | Found a burning altar of Makhleb.
   605 | D        | Found a viscous altar of Jiyva.
   605 | D        | Found a shimmering altar of Xom.
   605 | D        | Found a corrupted altar of Lugonu.
   605 | D        | Noticed a slime creature
   610 | D        | Killed a slime creature
   611 | D        | Reached skill level 9 in Fighting
   844 | D        | Found an ornate altar of the Wu Jian Council.
   844 | D        | Found a shimmering blue altar of Sif Muna.
   846 | D        | Found a radiant altar of Vehumet.
   851 | D        | Reached XP level 7. HP: 70/70 MP: 7/7
   874 | D        | Found Dyacvijowi's Book Emporium.
   874 | D        | Found an ancient bone altar of Kikubaaqudgha.
   874 | D        | Found a hazy altar of Hepliaklqana.
   874 | D        | Found a stormy altar of Qazlal.
   874 | D        | Found a hide-covered altar of Uskayaw.
   874 | D        | Found a blossoming altar of Fedhas.
   874 | D        | Found a bloodstained altar of Trog.
   874 | D        | Found an iron altar of Okawaru.
   874 | D        | Found a basalt altar of Yredelemnul.
   874 | D        | Found a glowing golden altar of the Shining One.
   874 | D        | Found a snail-covered altar of Cheibriados.
   874 | D        | Found a sacrificial altar of Ru.
   874 | D        | Found a glowing silver altar of Zin.
   874 | D        | Found a shadowy altar of Dithmenos.
   874 | D        | Found a white marble altar of Elyvilon.
   874 | D        | Noticed a yak
   879 | D        | Killed a yak
   880 | D        | Reached skill level 10 in Fighting
   880 | D        | Found an opulent altar of Gozag.
  1032 | D        | Noticed a centaur warrior
  1032 | D        | Noticed a centaur warrior
  1036 | D        | Noticed Sonja
  1047 | D        | HP: 3/72 [Sonja/+0 short sword of distortion (7)]
  1047 | D        | Slain by Sonja

Illustrated notes

Levels and vault maps discovered:
D:        dungeon_sprint_1 [red_sonja_temple_1, red_sonja_temple_small_1]

Skill      XL: |  1  2  3  4  5  6  7 |
---------------+----------------------+-----
Fighting       | 5 6 8 9 10 | 10.0
Axes           | 5 7 9 |  9.0
Armour         | 3 5 7 8 |  8.8
Dodging        | 2 4 5 6 |  6.7
Polearms       | 3 4 |  4.9

Action                   |  1- 3 |  4- 6 |  7- 9 || total
-------------------------+-------+-------+-------++-------
Melee: Hand axe          |    11 |     3 |       ||    14
       Halberd           |       |     5 |    10 ||    15
Invok: Berserk           |     2 |     2 |     2 ||     6
Armor: Animal skin       |       |       |     1 ||     1
Dodge: Dodged            |     6 |     1 |    12 ||    19

Table legend: (Time is in decaauts)
 A = Elapsed time spent in this place.
 B = Non-inter-level travel time spent in this place.
 C = Inter-level travel time spent in this place.
 D = Time resting spent in this place.
 E = Time spent auto-exploring this place.
 F = Levels seen in this place.
 G = Mean time per level.
                   A        B        C        D        E       F      G
               +--------+--------+--------+--------+--------+-----+--------+
         Total |   1095 |   1095 |      0 |    959 |      0 |   1 | 1095.0 |
       Dungeon |   1095 |   1095 |      0 |    959 |      0 |   1 | 1095.0 |
               +--------+--------+--------+--------+--------+-----+--------+

Top non-repeatable levels by time:
       D: 1095 daAuts
